 Dungeon Crawl Stone Soup version 0.26.1-15-g04117e645d (webtiles) character file.

Game seed: 7637493185068522213

2471 Froggeryz the Slicer (level 9, 0/55 HPs)
             Began as an Octopode Brigand on Mar 3, 2022.
             Was an Initiate of Gozag.
             Killed from afar by Maggie (26 damage)
             ... with a bolt of fire
             ... on level 7 of the Dungeon.
             The game lasted 00:11:07 (9197 turns).

Froggeryz the Slicer (Octopode Brigand)             Turns: 9197, Time: 00:11:08

Health: 0/55       AC:  1    Str: 11    XL:     9   Next: 51%
Magic:  18/18      EV: 16    Int: 13    God:    Gozag
Gold:   827        SH:  0    Dex: 16    Spells: 8/8 levels left

rFire    . . .     SeeInvis .   h - +2 dagger (venom)
rCold    . . .     Faith    .   (no shield)
rNeg     . . .     Spirit   .   (helmet restricted)
rPois    .         Reflect  .   (no amulet)
rElec    .         Harm     .   l - ring of resist corrosion
rCorr    +         Rampage  .   C - ring of magical power
Will     .....                  A - ring of stealth
Stlth    ++++++....             (no ring)
HPRegen  0.18/turn              (no ring)
MPRegen  0.16/turn              (no ring)
                                (no ring)
                                (no ring)

@: gold aura, mesmerised
A: almost no armour, stealthy swim, amphibious, 8 rings, constrict 8, camouflage
1, gelatinous body 1
a: Renounce Religion, Potion Petition, Call Merchant, Bribe Branch


You were on level 7 of the Dungeon.
You worshipped Gozag.
Gozag was pleased with you.
You visited 1 branch of the dungeon, and saw 7 of its levels.

You collected 861 gold pieces.
You paid 34 gold pieces to Gozag.

Inventory:

Hand Weapons
 g - a +0 short sword of speed
 h - a +2 dagger of venom (weapon)
Missiles
 b - 24 poisoned darts (quivered)
 j - 8 boomerangs
Armour
 B - a +0 buckler
Jewellery
 l - a ring of resist corrosion (left tentacle)
 A - a ring of stealth (on tentacle)
 C - a ring of magical power (right tentacle)
Wands
 r - a wand of iceblast (8)
 u - a wand of random effects (23)
 v - a wand of flame (14)
Scrolls
 d - 2 scrolls of fog {unknown}
 e - 3 scrolls of remove curse {unknown}
 f - 2 scrolls of enchant weapon {unknown}
 n - a scroll of immolation {unknown}
 o - a scroll of magic mapping {unknown}
 s - 3 scrolls of teleportation {unknown}
 t - a scroll of fear {unknown}
 w - a scroll of holy word {unknown}
 x - a scroll of amnesia {unknown}
 y - 4 scrolls of identify {unknown}
Potions
 a - a potion of curing
 i - 2 potions of mutation {unknown}
 k - a potion of attraction {unknown}
 m - a potion of might {unknown}
 q - a potion of heal wounds
 z - 2 potions of lignification {unknown}


   Skills:
 + Level 2.3 Fighting
 - Level 10.0 Short Blades
 - Level 3.2 Throwing
 - Level 5.0 Dodging
 - Level 7.5 Stealth
 * Level 3.1 Shields


You had 8 spell levels left.
You didn't know any spells.
Your spell library contained the following spells:

 Spells                   Type           Power        Failure   Level
 Beastly Appendage        Tmut           0%           30%         1
 Wereblood                Tmut           0%           43%         2
 Spider Form              Tmut/Pois      0%           67%         3
 Ice Form                 Ice/Tmut       0%           97%         4
 Blade Hands              Tmut           0%           100%        5


Dungeon Overview and Level Annotations

Branches:
Dungeon (7/15)             Temple (0/1) D:7

Altars:
Fedhas
Gozag
Makhleb
Nemelex Xobeh
Qazlal
Sif Muna
Uskayaw
Wu Jian
Yredelemnul

Annotations:
D:2 exclusion: ice beast
D:3 3 runed translucent doors, weresquid's ghost, amateur GnFi
D:4 3 runed translucent doors, Sapher's ghost, weakling TrEE
D:7 Maggie


Innate Abilities, Weirdness & Mutations

You cannot wear most types of armour.
You are very stealthy in the water. (Stealth+)
You are amphibious.
You can wear up to eight rings at the same time.
You can use your tentacles to constrict eight enemies at once.
Your skin changes colour to match your surroundings (Stealth+).
Your rubbery body absorbs attacks. (AC +1, EV +1)


Message History

You constrict Maggie.
The wyvern skeleton bites you but does no damage.
You hit Maggie but do no damage.
Maggie looks as sick as possible!
Maggie is severely wounded.
You constrict Maggie. The wyvern skeleton barely misses you.
You hit Maggie but do no damage.
Maggie looks as sick as possible!
You squeeze Maggie, but do no damage.
Maggie is severely wounded.
You constrict Maggie.
Maggie hits you with a cursed -3 glaive.
You hit Maggie but do no damage.
Maggie looks as sick as possible!
Maggie is severely wounded.
You constrict Maggie, but do no damage. The wyvern skeleton barely misses you.
You barely miss Maggie. You squeeze Maggie.
Maggie is almost dead.
You constrict Maggie. Maggie casts a spell at you. The bolt of fire hits you!!
You die...
Your body crumbles into a pile of gold.

..# ##$# ....# ##)#
......#####..############
............[............
.(..#.8.################
#......(# #..8S>.8##
#(...@Z..##############
+..#.8@#'..............
#.......########.######
#.......# #.# #.......#
#.# ######### #.# #.# #.#
#.# ###.


You could see Maggie (mesmerising, extremely poisoned), an adder and a wyvern
skeleton.

Vanquished Creatures
  Prince Ribbit (D:6)
  Edmund (D:5)
  An orc warrior (D:6)
  A sky beast (D:6)
  An ice beast (D:5)
  2 necrophages
  2 phantoms (D:5)
  3 ogres (D:4)
  A centaur (D:6)
  Blork the orc (D:6)
  A bullfrog (D:6)
  2 scorpions
  2 killer bees (D:7)
  3 howler monkeys
  2 hounds
  2 orc priests (D:4)
  A bullfrog skeleton (D:6)
  An iguana (D:6)
  6 orc wizards
  8 worker ants
  A worker ant zombie (D:6)
  4 gnolls (D:2)
  8 adders
  A shadow imp (D:6)
  2 white imps (D:5)
  2 ufetubi (D:5)
  An ooze (D:1)
  5 worms
  2 dart slugs
  3 leopard geckos
  11 orcs
  4 bats
  3 giant cockroaches
  2 gnoll zombies (D:5)
  9 goblins
  6 hobgoblins
  9 jackals
  2 quokkas
  A ball python (D:1)
  7 frilled lizards
  3 kobolds
  A leopard gecko zombie (D:6)
  5 rats
134 creatures vanquished.

Vanquished Creatures (others)
  8 plants (D:2)
8 creatures vanquished.

Grand Total: 142 creatures vanquished

Notes
Turn   | Place    | Note
-------+----------+-------------------------------------------
     0 | D:1      | Froggeryz the Octopode Brigand began the quest for the Orb.
     0 | D:1      | Reached XP level 1. HP: 14/14 MP: 1/1
   171 | D:1      | Reached XP level 2. HP: 19/19 MP: 2/2
   755 | D:1      | Reached skill level 3 in Short Blades
   755 | D:1      | Reached XP level 3. HP: 24/24 MP: 3/3
   874 | D:2      | Found a blossoming altar of Fedhas.
   922 | D:2      | Noticed an ice beast
  1154 | D:2      | Reached XP level 4. HP: 29/29 MP: 4/4
  1721 | D:2      | Reached skill level 4 in Short Blades
  2274 | D:3      | Reached XP level 5. HP: 34/34 MP: 5/5
  2371 | D:3      | Found a runed translucent gate.
  2372 | D:3      | Found a runed translucent gate.
  2373 | D:3      | Noticed weresquid's ghost (amateur GnFi)
  2377 | D:3      | Found a runed translucent gate.
  2588 | D:3      | Found an opulent altar of Gozag.
  2689 | D:3      | Became a worshipper of Gozag Ym Sagoz the Greedy
  3310 | D:4      | Noticed an ogre
  3313 | D:4      | Noticed an ogre
  3570 | D:4      | Noticed an ogre
  3644 | D:3      | Reached skill level 5 in Short Blades
  3848 | D:4      | Killed an ogre
  3849 | D:4      | Reached XP level 6. HP: 39/39 MP: 6/6
  4225 | D:4      | Reached skill level 6 in Short Blades
  4225 | D:4      | Reached XP level 7. HP: 45/45 MP: 7/7
  4384 | D:4      | Found a runed translucent gate.
  4384 | D:4      | Found a runed translucent gate.
  4385 | D:4      | Found a runed translucent gate.
  4388 | D:4      | Noticed Sapher's ghost (weakling TrEE)
  4624 | D:4      | Found a sparkling altar of Nemelex Xobeh.
  4988 | D:5      | Entered Level 5 of the Dungeon
  4988 | D:5      | Found a burning altar of Makhleb.
  5114 | D:5      | Noticed Edmund
  5117 | D:5      | Killed Edmund
  5118 | D:5      | Reached skill level 7 in Short Blades
  5152 | D:5      | Reached XP level 8. HP: 48/50 MP: 8/8
  5547 | D:5      | Reached skill level 8 in Short Blades
  6778 | D:5      | Found a basalt altar of Yredelemnul.
  7073 | D:6      | Reached skill level 9 in Short Blades
  7172 | D:6      | Reached skill level 5 in Dodging
  7379 | D:6      | Reached XP level 9. HP: 54/54 MP: 9/9
  7414 | D:6      | Found a stormy altar of Qazlal.
  7697 | D:6      | Noticed Blork the orc
  7703 | D:6      | Killed Blork the orc
  7745 | D:6      | Found a hide-covered altar of Uskayaw.
  8030 | D:6      | Noticed Prince Ribbit
  8047 | D:6      | Killed Prince Ribbit
  8048 | D:6      | Reached skill level 10 in Short Blades
  8474 | D:6      | Found an ornate altar of the Wu Jian Council.
  9009 | D:7      | Found a shimmering blue altar of Sif Muna.
  9166 | D:7      | Found a staircase to the Ecumenical Temple.
  9171 | D:7      | Noticed Maggie
  9197 | D:7      | Killed from afar by Maggie

Illustrated notes

Levels and vault maps discovered:
D:1:      dpeg_arrival_boxes_within_box, layout_rooms, serial_bayou_crossing
D:2:      layout_basic, serial_bayou_lagoon_a, hangedman_feature_mirror,
          kennysheep_big_empty_room, fedhas_ov_isle_minmay
D:3:      layout_basic, grunt_gozag_statues, gammafunk_ghost_split,
          serial_glass, glass_columns_b, glass_columns_c
D:4:      layout_loops_cross, kennysheep_mini_moat, ebering_ghost_rock_garden
D:5:      layout_rooms, lemuel_crystal_altar, lemuel_zombie_altar_yredelemnul,
          uniq_edmund
D:6:      layout_loops_ring, nzn_wu_jian_council_hall, kennysheep_little_box,
          basic_altar, uniq_blork_the_orc, uniq_prince_ribbit1
D:7:      layout_basic, nzn_overflow_gifts_of_might_and_magic,
          nicolae_overflow_hidden_temple, minmay_temple_entry_statues_pillars,
          amcnicky_mini_pool_small, uniq_maggie

Skill      XL: |  1  2  3  4  5  6  7  8  9 |
---------------+----------------------------+-----
Short Blades   | 3 4 5 6 7 9 10 | 10.0
Stealth        | 6 7 |  7.5
Dodging        | 3 5 |  5.0
Throwing       | 3 |  3.2
Shields        | 3 |  3.1
Fighting       | |  2.3

Action                   |  1- 3 |  4- 6 |  7- 9 || total
-------------------------+-------+-------+-------++-------
Melee: Dagger            |    37 |    66 |   230 ||   333
       Constrict         |     8 |    14 |    36 ||    58
       Tentacles         |     6 |    12 |    79 ||    97
       Short sword       |     9 |       |    88 ||    97
Throw: Dart              |       |    25 |    27 ||    52
       Throwing net      |       |       |     1 ||     1
Evoke: Wand              |       |       |    20 ||    20
  Use: Potion            |       |       |     1 ||     1
 Stab: Sleeping          |     7 |    13 |    15 ||    35
       Distracted        |       |     1 |     1 ||     2
       Confused          |       |       |     2 ||     2
Armor: Skin              |     1 |     3 |    11 ||    15
Dodge: Dodged            |    17 |    24 |   108 ||   149
